 Dungeon Crawl Stone Soup version 0.31-b1-22-gc680215f68 (webtiles) character file.

Game seed: 2499176379367326131

46 Gabide the Ducker (level 3, -1/29 HPs)
             Began as a Djinni Gladiator on Jan 18, 2024.
             Killed by divine providence
             ... invoked by an orc priest
              (15 damage)
             ... on level 3 of the Dungeon.
             The game lasted 00:01:52 (1667 turns).

Gabide the Ducker (Djinni Gladiator)                Turns: 1667, Time: 00:01:53

Health: -1/29      AC:  4    Str: 13    XL:     3   Next: 92%
Gold:   206        EV: 13    Int:  9    God:
                   SH:  0    Dex: 16

rFire   + + .        a - +0 long sword
rCold   x . .        (no shield)
rNeg    . . .        b - +0 leather armour
rPois   ∞            c - +0 helmet
rElec   .            (no cloak)
rCorr   .            (no gloves)
SInv    .            (boots unavailable)
Will    .....        (no amulet)
Stlth   +            (no ring)
HPRegen 0.24/turn    (no ring)
MPRegen 0.00/turn

%: infuse magic (-2 HP)
@: flying
A: sickness immunity, fire resistance 2, cold vulnerability 1, float, innate
caster, HP casting, extra vitality 1
a: no special abilities


You were on level 3 of the Dungeon.
You visited 1 branch of the dungeon, and saw 3 of its levels.

You collected 206 gold pieces.

Inventory:

Hand Weapons
 a - a +0 long sword (weapon)
Missiles
 d - 3 throwing nets (quivered)
 e - a javelin
Armour
 b - a +0 leather armour (worn)
 c - a +0 helmet (worn)
Wands
 i - a wand of charming (8)
Scrolls
 j - 2 scrolls of identify
Potions
 f - 2 potions of berserk rage
 g - 3 potions of curing
 h - a potion of heal wounds {unknown}
 k - a potion of invisibility {unknown}
 l - a potion of degeneration {unknown}


   Skills:
 + Level 2.4 Fighting
 * Level 3.3 Long Blades
 + Level 2.0 Throwing
 + Level 3.6 Dodging


You knew the following spells:

 Your Spells              Type           Power      Damage    Failure   Level
a - Sandblast             Erth           0%         2d4       45%         1
Your spell library was empty.

Dungeon Overview and Level Annotations

Branches:
Dungeon (3/15)

Altars:


Innate Abilities, Weirdness & Mutations

You are immune to sickness and miasma.
You are immune to poison.
Your flesh is very heat resistant. (rF++)
You are vulnerable to cold. (rC-)
You float through the air rather than walking.
You learn spells naturally, not from books.
Your magical power is your life essence.
You have superior vitality. (+4 MHP)


Message History

No target in view!
No target in view!
No target in view!
j - 2 scrolls of identify (gained 1)
You now have 200 gold pieces (gained 11).
You now have 206 gold pieces (gained 6).
An orc and an orc priest come into view.
There are monsters nearby!
There are monsters nearby!
There are monsters nearby!
The orc priest shouts!
An orc wizard comes into view. It is wielding a +0 dagger.
The orc hits you with a +0 dagger.
The orc wizard casts a spell.
The orc wizard flickers and vanishes!
Deactivating autopickup; reactivate with Ctrl-A.
The orc priest begins to cast a cantrip, but forgets the words!
You barely miss the orc priest. The orc hits you but does no damage.
The orc priest closely misses you. The orc closely misses you.
The orc priest hits you with a +0 dagger.
You barely miss the orc priest. The orc hits you but does no damage.
The orc priest hits you with a +0 dagger.
You hit the orc priest.
The orc priest is moderately wounded.
The orc hits you with a +0 dagger.
The orc priest hits you with a +0 dagger.
You slash the orc priest!
The orc priest is almost dead.
The orc hits you but does no damage.
The orc priest hits you but does no damage.
The orc priest looks encouraged for a moment.
You barely miss the orc.
The orc priest begins to cast a cantrip, but forgets the words!
The orc closely misses you.
The orc priest looks encouraged for a moment.
You barely miss the orc. The orc hits you with a +0 dagger.
The orc priest calls down the wrath of Beogh upon you.
Beogh smites you!
Ouch! That really hurt!
You die...

#.##.............
#........########
..##.#..## #.#..# #
#.#..#
#.#######.#..#
#............#####.#
#...................
#.###@##########...#
#o# .# #{o....#
#........ #......##
#.###### #.# #.. .##


You could see an orc priest and an orc.

Vanquished Creatures
  A ribbon worm (D:3)
  3 ball pythons
  6 endoplasms
  A giant cockroach (D:1)
  3 goblins
  5 hobgoblins
  3 quokkas
  6 bats
  4 frilled lizards (D:1)
  2 kobolds (D:1)
  4 rats
38 creatures vanquished.

Notes
Turn   | Place    | Note
-------+----------+-------------------------------------------
     0 | D:1      | Gabide the Djinni Gladiator began the quest for the Orb.
     0 | D:1      | Reached XP level 1. HP: 18/18 MP: 0/0
    52 | D:1      | Reached XP level 2. HP: 19/23 MP: 0/0
   510 | D:1      | Reached XP level 3. HP: 28/28 MP: 0/0
   510 | D:1      | Learned a level 1 spell: Sandblast
  1667 | D:3      | Killed from afar by an orc priest

Illustrated notes

Levels and vault maps discovered:
D:1:      minmay_arrival_four_houses, layout_basic, minmay_misc_feat_rugged,
          minmay_hexomino_c4
D:2:      layout_rooms, chequers_serial_rivers_large_a
D:3:      layout_loops_ring, chequers_jeans, minmay_gold_behind_fungi

Skill      XL: |  1  2  3 |
---------------+----------+-----
Long Blades    | 3 |  3.3
Throwing       | 2 |  2.0
Fighting       | |  2.4
Dodging        | |  3.6

Action                     || total
---------------------------++-------
  Melee: Long sword        ||   116
         Punch             ||     1
    Use: Scroll            ||     6
   Stab: Sleeping          ||     4
 Armour: Leather armour    ||    76
  Dodge: Dodged            ||    95
